 Dungeon Crawl Stone Soup version 0.20-a0-3-g334f831 (webtiles) character file.

259 JeffiDaFish the Shield-Bearer (level 6, -1/38 HPs)
             Began as a Gargoyle Fighter on Oct 30, 2016.
             Slain by Pikel
             ... wielding a +2 whip of flaming
              (5 damage)
             ... on level 4 of the Dungeon.
             The game lasted 00:10:26 (2424 turns).

JeffiDaFish the Shield-Bearer (Gargoyle Fighter)    Turns: 2424, Time: 00:10:27

Health: -1/38      AC: 17    Str: 27    XL:     6   Next: 17%
Magic:  6/6        EV:  6    Int:  8    God:
Gold:   111        SH: 10    Dex:  9    Spells: 0 memorised, 5 levels left

rFire  + . .     SeeInvis .     k - +3 flail (holy)
rCold  . . .     Gourm    .     l - +0 chain mail
rNeg   + . .     Faith    .     c - +0 shield
rPois  ∞         Spirit   .     r - +2 helmet
rElec  +         Reflect  .     (no cloak)
rCorr  .         Harm     .     (no gloves)
MR     .....                    (no boots)
Stlth  ..........               (no amulet)
                                (no ring)
                                n - ring of protection from fire

@: mighty
A: negative energy resistance 1, electricity resistance, unbreathing,
petrification resistance, rot immunity, AC +4
a: no special abilities


You were on level 4 of the Dungeon.
You were hungry.

You visited 1 branch of the dungeon, and saw 4 of its levels.

You collected 111 gold pieces.

Inventory:

Hand Weapons
 a - a +0 flail
 k - a +3 flail of holy wrath (weapon)
Armour
 c - a +0 shield (worn)
 l - a +0 chain mail (worn)
 r - a +2 helmet (worn)
Jewellery
 n - a ring of protection from fire (left hand)
Scrolls
 j - 2 scrolls of identify
 q - a scroll of remove curse
Potions
 e - 3 potions of curing
 o - a potion of berserk rage
 p - a potion of brilliance
Comestibles
 b - a slice of pizza
 f - 3 bread rations
 g - 19 chunks of flesh
 h - 2 beef jerkies
 i - 2 meat rations
 m - a royal jelly


   Skills:
 + Level 3.7 Fighting
 + Level 4.2 Maces & Flails
 + Level 4.4 Armour
 + Level 1.0 Dodging
 + Level 4.5 Shields


You had 5 spell levels left.
You didn't know any spells.

Dungeon Overview and Level Annotations

Branches:
Dungeon (4/15)
 Temple: D:4-7

Altars:
Ru

Annotations:
D:4 Pikel


Innate Abilities, Weirdness & Mutations

You are resistant to torment.
Your stone body is resilient. (AC +4)
You are immune to poison.
You resist negative energy. (rN+)
You are resistant to electric shocks. (rElec)
You can survive without breathing.
You are immune to petrification.
You are immune to rotting.


Message History

The slave hits you but does no damage. x2; The slave hits you.
Your shield and chain mail prevent you from hitting Pikel.
Pikel is heavily wounded.
The slave hits you but does no damage. You block Pikel's attack.
The slave hits you. You block the slave's attack. The slave hits you. x2
* * * LOW HITPOINT WARNING * * *
Pikel hits you but does no damage.
You sock Pikel!
Pikel is severely wounded.
You block Pikel's attack. You block the slave's attack.
The slave barely misses you. x2; The slave hits you.
* * * LOW HITPOINT WARNING * * *
Pikel hits you with a whip of flaming.
* * * LOW HITPOINT WARNING * * *
Pikel burns you.
* * * LOW HITPOINT WARNING * * *
Your shield prevents you from hitting Pikel.
Pikel is severely wounded.
You block the slave's attack. Pikel hits you with a whip of flaming.
You die...

....... ...#.##
.....# .
##.#..# ..
#.....#
...#.....######
......Kpp......
......p@.#
....#...p#
.....(..<#
......####
...#.# .# #. #


You could see Pikel (berserk) and 4 slaves.

Vanquished Creatures
  Jessica (D:2)
  Ijyb (D:2)
  Terence (D:2)
  Robin (D:3)
  A gnoll (D:1)
  7 adders
  An ooze (D:1)
  4 worms (D:2)
  4 dart slugs
  A leopard gecko (D:1)
  5 orcs (D:3)
  4 giant cockroaches
  11 goblins
  8 hobgoblins
  8 jackals
  A ball python (D:3)
  4 bats
  5 frilled lizards
  5 kobolds
  5 rats
78 creatures vanquished.

Notes
Turn   | Place    | Note
-------+----------+-------------------------------------------
     0 | D:1      | JeffiDaFish the Gargoyle Fighter began the quest for the Orb.
     0 | D:1      | Reached XP level 1. HP: 14/14 MP: 1/1
    46 | D:1      | Reached XP level 2. HP: 5/19 MP: 2/2
   439 | D:1      | Reached XP level 3. HP: 20/23 MP: 3/3
  1013 | D:2      | Noticed Ijyb
  1027 | D:2      | Killed Ijyb
  1027 | D:2      | Reached XP level 4. HP: 25/28 MP: 4/4
  1192 | D:2      | Found a sacrificial altar of Ru.
  1245 | D:2      | Noticed Jessica
  1262 | D:2      | Killed Jessica
  1262 | D:2      | Reached XP level 5. HP: 31/32 MP: 5/5
  1463 | D:2      | Noticed Terence
  1478 | D:2      | Killed Terence
  2013 | D:3      | Found a faded altar of an unknown god.
  2053 | D:3      | Reached XP level 6. HP: 37/37 MP: 6/6
  2189 | D:3      | Noticed Robin
  2197 | D:3      | Reached skill level 1 in Dodging
  2207 | D:3      | Killed Robin
  2409 | D:4      | Noticed Pikel
  2409 | D:4      | Noticed a slave
  2409 | D:4      | Noticed a slave
  2409 | D:4      | Noticed a slave
  2411 | D:4      | Noticed a slave
  2424 | D:4      | Slain by Pikel

Vault maps used:
D:1:      dpeg_arrival_stone_temple_mockup
D:2:      nicolae_ru_awakened_eye, uniq_terence, uniq_jessica, uniq_iyjb
D:3:      ecumenical_altar_1, uniq_robin
D:4:      serial_shops, shop, enter_ossuary_1, uniq_pikel

Skill      XL: |  1  2  3  4  5  6 |
---------------+-------------------+-----
Shields        | 4 |  4.5
Maces & Flails | 3 4 |  4.2
Armour         | 4 |  4.4
Dodging        | 1 |  1.0
Fighting       | |  3.7

Action                   |  1- 3 |  4- 6 || total
-------------------------+-------+-------++-------
Melee: Flail             |   110 |   185 ||   295
  Use: Scroll            |     5 |     4 ||     9
       Potion            |     1 |     4 ||     5
  Eat: Chunk             |     1 |     4 ||     5
Armor: Scale mail        |    76 |       ||    76
       Chain mail        |    16 |   126 ||   142
Dodge: Dodged            |    47 |    34 ||    81
Block: Shield            |    81 |   120 ||   201
